 Dungeon Crawl Stone Soup version 0.27.1-33-g824d729ab1 (webtiles) character file.

Game seed: 12143286038877043152

1367 itsemess the Cleaver (level 8, -1/71 HPs)
             Began as a Minotaur Berserker on Nov 22, 2021.
             Was a Priest of Trog.
             Succumbed to an orc wizard's poison
             ... on level 5 of the Dungeon on Nov 24, 2021.
             The game lasted 00:15:26 (3585 turns).

itsemess the Cleaver (Minotaur Berserker)           Turns: 3585, Time: 00:15:27

Health: -1/71      AC: 12    Str: 23    XL:     8   Next: 38%
Magic:  7/7        EV:  9    Int:  4    God:    Trog [***...]
Gold:   145        SH:  0    Dex: 11    Spells: 7/7 levels left

rFire    . . .     SeeInvis .   a - +0 hand axe
rCold    . . .     Faith    .   (no shield)
rNeg     . . .     Spirit   .   s - +0 chain mail
rPois    .         Reflect  +   (helmet restricted)
rElec    .         Harm     .   (no cloak)
rCorr    .         Rampage  .   i - +0 pair of gloves
Will     .....                  (no boots)
Stlth    ..........             u - amulet of reflection
HPRegen  0.21/turn              (no ring)
MPRegen  0.10/turn              (no ring)

@: confused, lethally poisoned (-1 -> -21), on berserk cooldown, slowed, very
slow
A: horns 2, retaliatory headbutt
a: Renounce Religion, Berserk, Trog's Hand


You were on level 5 of the Dungeon.
You worshipped Trog.
Trog was most pleased with you.
You visited 1 branch of the dungeon, and saw 5 of its levels.

You collected 145 gold pieces.

Inventory:

Hand Weapons
 a - a +0 hand axe (weapon)
Missiles
 g - 130 stones (quivered)
Armour
 i - a +0 pair of gloves (worn)
 s - a +0 chain mail (worn)
Jewellery
 u - an amulet of reflection (around neck)
Scrolls
 k - 2 scrolls of teleportation {unknown}
 l - 2 scrolls of identify {unknown}
 m - 2 scrolls of acquirement {unknown}
 n - a scroll of summoning {unknown}
 o - a scroll of immolation {unknown}
 q - a scroll of enchant weapon {unknown}
 r - a scroll of blinking {unknown}
Potions
 b - 2 potions of invisibility
 c - 2 potions of curing {unknown}
 d - a potion of attraction {unknown}
 e - a potion of haste {unknown}
 f - a potion of degeneration {unknown}
 h - a potion of might {unknown}
 j - a potion of flight {unknown}
 p - 3 potions of brilliance {unknown}


   Skills:
 + Level 6.3 Fighting
 + Level 8.6 Axes
 * Level 8.3 Armour
 - Level 2.3 Dodging
 + Level 0.5 Shields


You had 7 spell levels left.
You didn't know any spells.
Your spell library contained the following spells:

 Spells                   Type           Power      Damage    Failure   Level
 Blink                    Tloc           N/A        N/A       99%         2
 Slow                     Hex            0%         N/A       99%         2
 Confusing Touch          Hex            0%         N/A       100%        3
 Lesser Beckoning         Tloc           0%         N/A       100%        3
 Vampiric Draining        Necr           0%         2d6       100%        3
 Manifold Assault         Tloc           0%         N/A       100%        5


Dungeon Overview and Level Annotations

Branches:
Dungeon (5/15)             Temple (0/1) D:4

Altars:
Elyvilon
Beogh


Innate Abilities, Weirdness & Mutations

You have a pair of horns on your head.
You reflexively headbutt those who attack you in melee.


Message History

The orc wizard mumbles some strange words.
The orc wizard flickers and vanishes!
Deactivating autopickup; reactivate with Ctrl-A.
You miss something. You headbutt something.
You feel very sick. Something hits you but does no damage.
You are more poisoned.
You barely miss something.
You feel very sick.
Something hits you but does no damage. x2
You are more poisoned.
You closely miss something. Your headbutt misses something.
You feel very sick. Something hits you.
You are more poisoned.
You closely miss something. You headbutt something.
You feel very sick. Something hits you but does no damage.
You are more poisoned.
You closely miss something. Your headbutt misses something.
You feel extremely sick. Something hits you.
You are more poisoned.
You hear some strange, mumbled words.
You are confused.
You're too confused to move!
* * * LOW HITPOINT WARNING * * *
You feel extremely sick. Something hits you but does no damage.
You are lethally poisoned!
* * * LOW HITPOINT WARNING * * *
You feel extremely sick.
You hear some strange, mumbled words.
A puff of flame appears from out of thin air!
The puff of flame hits you!
* * * LOW HITPOINT WARNING * * *
Things that are here:
a +0 dagger; an orc corpse
Okay, then.
You die...

.# #..# .# .#
...#########.# #
#............
#........##.###
#...#....##...#
#####.#####.......#
..................##
#####...#...#......#
#
#..)....#...@..##.##
#...#.#.##.#.))....#
.........#...#....#.#
####...#..#........#
#..........#....#
#........#####....
#.####.... .....# #.#
### .#...# .#...#


There were no monsters in sight!

Vanquished Creatures
  Sigmund (D:2)
  Eustachio (D:5)
  Menkaure (D:5)
  A water moccasin (D:5)
  A black bear (D:4)
  A sky beast (D:5)
  2 ogres (D:5)
  A scorpion (D:4)
  A wyvern skeleton (D:5)
  2 water moccasin skeletons (D:5)
  2 orc priests
  A bullfrog skeleton (D:5)
  Jessica (D:2)
  2 orc wizards
  4 adders
  A worm (D:2)
  3 dart slugs
  9 orcs
  8 ball pythons
  7 endoplasms
  5 giant cockroaches
  6 goblins
  6 hobgoblins
  4 jackals (D:1)
  7 kobolds
  6 quokkas
  5 bats
  8 frilled lizards
  7 rats
104 creatures vanquished.

Notes
Turn   | Place    | Note
-------+----------+-------------------------------------------
     0 | D:1      | itsemess the Minotaur Berserker began the quest for the
                  | Orb.
     0 | D:1      | Reached XP level 1. HP: 19/19 MP: 0/0
   136 | D:1      | Reached XP level 2. HP: 24/27 MP: 1/1
   463 | D:1      | Reached ** piety under Trog
   501 | D:1      | Reached XP level 3. HP: 27/33 MP: 2/2
  1054 | D:2      | Noticed Sigmund
  1062 | D:2      | Killed Sigmund
  1063 | D:2      | Reached skill level 5 in Fighting
  1063 | D:2      | Reached skill level 5 in Axes
  1063 | D:2      | Reached XP level 4. HP: 42/42 MP: 3/3
  1063 | D:2      | Reached XP level 5. HP: 48/48 MP: 4/4
  1081 | D:2      | Upgraded the game from 0.27.1-16-g815e20cd7a to
                  | 0.27.1-33-g824d729ab1
  1193 | D:2      | Noticed Jessica
  1198 | D:2      | Killed Jessica
  1472 | D:2      | Found a faded altar of an unknown god.
  1688 | D:3      | Reached XP level 6. HP: 56/56 MP: 5/5
  1712 | D:3      | Reached *** piety under Trog
  1841 | D:3      | Reached skill level 5 in Armour
  2322 | D:4      | Found a white marble altar of Elyvilon.
  2366 | D:4      | Found a staircase to the Ecumenical Temple.
  2634 | D:4      | Reached XP level 7. HP: 61/61 MP: 6/6
  2998 | D:5      | Entered Level 5 of the Dungeon
  3148 | D:5      | Noticed Eustachio
  3159 | D:5      | Killed Eustachio
  3189 | D:5      | Noticed Menkaure
  3205 | D:5      | Killed Menkaure
  3206 | D:5      | Reached XP level 8. HP: 18/70 MP: 7/7
  3585 | D:5      | Succumbed to an orc wizard's poison

Illustrated notes

Levels and vault maps discovered:
D:1:      lightli_arrival_lavapool, layout_loops_corners
D:2:      layout_basic, hellmonk_ecumenical_altar_defaced_shrine, uniq_sigmund,
          uniq_jessica
D:3:      layout_rooms
D:4:      layout_cave_pods, lemuel_tele_altar, minmay_temple_entry_mini_moons,
          grunt_decor_fettered
D:5:      layout_loops_ring, st_stairs_14, hangedman_decor_riveting,
          hangedman_decor_lopped, uniq_eustachio, uniq_menkaure

Skill      XL: |  1  2  3  4  5  6  7  8 |
---------------+-------------------------+-----
Fighting       | 4 5 6 |  6.3
Axes           | 4 5 6 8 |  8.6
Armour         | 4 6 7 8 |  8.3
Dodging        | |  2.3
Shields        | |  0.5

Action                   |  1- 3 |  4- 6 |  7- 9 || total
-------------------------+-------+-------+-------++-------
Melee: Hand axe          |    72 |   104 |    60 ||   236
       Headbutt          |    11 |    18 |    16 ||    45
Invok: Berserk           |     3 |     3 |     4 ||    10
Armor: Animal skin       |     1 |       |       ||     1
       Ring mail         |    20 |    35 |       ||    55
       Chain mail        |       |     4 |    45 ||    49
Dodge: Dodged            |    42 |    64 |    18 ||   124
Block: Other             |       |       |    10 ||    10
